[Event "Titled Tuesday Blitz March 01 Early 2022"]
[White "Rozhkov, Viacheslav"]
[Black "Gaehwiler, Gabriel"]
[WhiteFideId "4181484"]
[BlackFideId "1314530"]
[WhiteElo "2324"]
[BlackElo "2383"]
[Result "1/2-1/2"]
[Round "10"]
[TimeControl "180+1"]
[Date "2022.03.01"]
[WhiteClock "0:00:08"]
[BlackClock "0:00:22"]

1. e4 c5 2. Nf3 d6 3. d4 cxd4 4. Nxd4 Nf6 5. Nc3 Nc6 6. Bc4 Bd7 7. Bb3 Rc8 8. Be3 a6 9. f3 e6 10. Qe2 Be7 11. O-O-O Qc7 12. g4 h6 13. h4 b5 14. g5 Nh5 15. g6 Nxd4 16. gxf7+ Kxf7 17. Bxd4 b4 18. f4 Nxf4 19. Rdf1 bxc3 20. Qh5+ Kg8 21. Rxf4 cxb2+ 22. Kxb2 Be8 23. Bxe6+ Kh7 24. Qf5+ Bg6 25. Qxg6+ Kxg6 26. h5+ Kh7 27. Bf5+ Kg8 28. Be6+ Kh7 29. Bf5+ Kg8 30. Be6+ Kh7 1/2-1/2


[Site "https://www.chess.com"]

[Event "Titled Tuesday Blitz March 01 Early 2022"]
[White "Rustemov, Alexander"]
[Black "Agibileg, Uurtsaikh"]
[WhiteFideId "4119002"]
[BlackFideId "4901606"]
[WhiteElo "2800"]
[BlackElo "2205"]
[Result "0-1"]
[Round "10"]
[TimeControl "180+1"]
[Date "2022.03.01"]
[WhiteClock "0:00:01"]
[BlackClock "0:00:05"]

1. d4 Nf6 2. c4 g6 3. Nf3 Bg7 4. g3 O-O 5. Bg2 c5 6. O-O cxd4 7. Nxd4 Qc7 8. b3 Nc6 9. Bb2 Nxd4 10. Qxd4 d6 11. Nc3 Be6 12. Rac1 a6 13. Qd2 Rac8 14. Rfd1 Rfe8 15. h3 Nd7 16. e4 Qa5 17. a3 b5 18. b4 Qb6 19. cxb5 axb5 20. Ne2 Ne5 21. Bd4 Qa6 22. Rxc8 Rxc8 23. Ra1 Bxh3 24. f4 Bxg2 25. Kxg2 Nc4 26. Qd3 Bxd4 27. Nxd4 Qb7 28. Rc1 f5 29. a4 fxe4 30. Qe2 e3+ 31. Kh2 Qe4 32. Nxb5 d5 33. a5 g5 34. a6 Rc6 35. Qh5 Rxa6 36. Nc3 Qg6 37. Qxg6+ Rxg6 38. Nxd5 Re6 39. Re1 gxf4 40. gxf4 Kf7 41. Kg3 Re4 42. b5 e6 43. Nc3 Rd4 44. Kf3 Rd3 45. Ne4 Rb3 46. Rc1 Nd2+ 47. Ke2 Nxe4 48. Rc7+ Kg6 49. b6 Rxb6 50. Kxe3 Nf6 51. Rc8 Rb4 52. Kf3 Kf5 53. Rc5+ Nd5 54. Rc1 Rxf4+ 55. Kg3 Rg4+ 56. Kf3 Re4 57. Kg3 Re3+ 58. Kf2 Re4 59. Rh1 Nf6 60. Kf3 Rf4+ 61. Kg3 e5 62. Rh6 e4 63. Rh1 h5 64. Kg2 Rf3 65. Ra1 Kg4 66. Ra8 Kf4 67. Rf8 Kf5 68. Ra8 Rf4 69. Ra5+ Kg4 70. Ra6 e3 71. Re6 Re4 72. Rxf6 e2 73. Rg6+ Kf5 74. Rf6+ Kxf6 0-1


[Site "https://www.chess.com"]

[Event "Titled Tuesday Blitz March 01 Early 2022"]
[White "Samant Aditya S"]
[Black "Piesik, Piotr"]
[WhiteFideId "35080580"]
[BlackFideId "1136194"]
[WhiteElo "1916"]
[BlackElo "2232"]
[Result "0-1"]
[Round "10"]
[TimeControl "180+1"]
[Date "2022.03.01"]
[WhiteClock "0:00:03"]
[BlackClock "0:00:19"]

1. d4 c5 2. d5 e5 3. e4 d6 4. Nc3 Be7 5. Nf3 a6 6. a4 Bg4 7. g3 Nd7 8. h4 h6 9. Be3 f5 10. exf5 Bxf5 11. Bd3 Bxd3 12. Qxd3 Ngf6 13. Qg6+ Kf8 14. O-O-O Qe8 15. Qf5 g6 16. Qd3 Kg7 17. Nd2 Nb6 18. b3 c4 19. Nxc4 Nxc4 20. Qxc4 Rc8 21. Qd3 b5 22. Kb2 bxa4 23. Nxa4 Ng4 24. Nb6 Rc7 25. Nc4 Qb5 26. Kc1 Rhc8 27. h5 g5 28. Qg6+ Kh8 29. Qe6 Rxc4 30. bxc4 Qxc4 31. Rd2 Bf6 32. Bd4 exd4 33. Qxg4 Rb8 34. Qf5 Be5 35. Qd3 Qa4 36. Kd1 Qa1+ 37. Ke2 Qxh1 38. Qg6 Bg7 0-1


[Site "https://www.chess.com"]

[Event "Titled Tuesday Blitz March 01 Early 2022"]
[White "Samarth, J Rao"]
[Black "Todorovic, Bojan"]
[WhiteFideId "46652370"]
[BlackFideId "917087"]
[WhiteElo "1514"]
[BlackElo "2266"]
[Result "1-0"]
[Round "10"]
[TimeControl "180+1"]
[Date "2022.03.01"]
[WhiteClock "0:00:19"]
[BlackClock "0:00:06"]

1. d4 Nf6 2. c4 g6 3. Nc3 c5 4. d5 Bg7 5. e4 d6 6. f4 O-O 7. Nf3 e6 8. Be2 exd5 9. exd5 Bf5 10. O-O Ne4 11. Nxe4 Bxe4 12. Bd3 Re8 13. Bxe4 Rxe4 14. Ng5 Rd4 15. Qe2 Nd7 16. Be3 Qe7 17. Rae1 Re8 18. Qc2 h6 19. Bf2 Qf8 20. Rxe8 Qxe8 21. Re1 Qf8 22. Nh3 f5 23. Bxd4 Bxd4+ 24. Kh1 Nf6 25. Re6 Kg7 26. Qa4 a6 27. Qa5 Ne4 28. Qc7+ Kh8 29. Qd7 Nf6 30. Qxd6 Qxd6 31. Rxd6 Bxb2 32. Rb6 Bd4 33. Rxb7 Ne4 34. g3 Nd6 35. Rb6 Nxc4 36. Rxg6 a5 37. Rxh6+ Kg7 38. Rc6 Kf7 39. Ng5+ Ke7 40. Ra6 Ne3 41. Nf3 Nxd5 42. Nxd4 cxd4 43. Rxa5 Kd6 44. Ra3 Kc5 45. Kg2 Kb4 46. Ra8 d3 47. Kf2 Kc3 48. Ke1 Kc2 49. Rc8+ Nc3 50. Rd8 Ne4 51. h4 Nxg3 52. Kf2 Ne4+ 53. Ke3 Nf6 54. Rxd3 Ng4+ 55. Ke2 Nf6 56. Rd8 Nh5 57. Rc8+ Kb2 58. Ke3 Kxa2 59. Rc5 Ng7 60. Re5 Kb3 61. Re7 Nh5 62. Rf7 Kc4 63. Rxf5 Ng3 64. Rg5 Nf1+ 65. Ke2 Nh2 66. Rg2 1-0


[Site "https://www.chess.com"]

[Event "Titled Tuesday Blitz March 01 Early 2022"]
[White "Sarkar, Justin"]
[Black "Topalov, Aleksandar"]
[WhiteFideId "2010011"]
[BlackFideId "925659"]
[WhiteElo "2038"]
[BlackElo "2098"]
[Result "0-1"]
[Round "10"]
[TimeControl "180+1"]
[Date "2022.03.01"]
[WhiteClock "0:00:04"]
[BlackClock "0:00:02"]

1. d4 Nf6 2. c4 c5 3. d5 d6 4. Nc3 g6 5. e4 Bg7 6. Bg5 h6 7. Bh4 O-O 8. Bd3 e6 9. Nge2 exd5 10. exd5 Bg4 11. f3 Bc8 12. O-O Nbd7 13. f4 Re8 14. h3 Nf8 15. f5 g5 16. Bf2 a6 17. g4 N8h7 18. Ng3 Bd7 19. a4 b6 20. Kg2 Rb8 21. Rh1 Qc7 22. h4 b5 23. axb5 axb5 24. hxg5 Nxg5 25. cxb5 c4 26. Bc2 Bxb5 27. Ra7 Qd8 28. Bd4 Bd7 29. Nh5 Nxh5 30. Rxh5 Rxb2 31. Bxg7 Kxg7 32. Qc1 Rb8 33. Qf4 Rb2 34. Qc1 Qb6 35. Rxd7 Qd4 36. Rxg5+ Kh8 37. Rh5 Qxg4+ 38. Kf1 Qxh5 0-1


[Site "https://www.chess.com"]

[Event "Titled Tuesday Blitz March 01 Early 2022"]
[White "Savchenko, Boris"]
[Black "Lazavik, Denis"]
[WhiteFideId "4147332"]
[BlackFideId "13515110"]
[WhiteElo "2512"]
[BlackElo "2436"]
[Result "0-1"]
[Round "10"]
[TimeControl "180+1"]
[Date "2022.03.01"]
[WhiteClock "0:00:05"]
[BlackClock "0:00:04"]

1. e4 e5 2. Nf3 Nc6 3. Bc4 Bc5 4. c3 Nf6 5. d3 d6 6. b4 Bb6 7. a4 a5 8. b5 Ne7 9. O-O O-O 10. Na3 Ng6 11. Nc2 c6 12. Be3 d5 13. exd5 cxd5 14. Bb3 Be6 15. Re1 d4 16. Ncxd4 exd4 17. Bxd4 Bxd4 18. Nxd4 Bxb3 19. Qxb3 Qd5 20. Qxd5 Nxd5 21. c4 Nb4 22. Red1 Rfd8 23. Nb3 Rxd3 24. Nc5 Rxd1+ 25. Rxd1 b6 26. Nd7 Nf4 27. Nxb6 Re8 28. c5 Ne2+ 29. Kf1 Nc3 30. Ra1 Kf8 31. c6 Nbd5 32. Nxd5 Nxd5 33. Rc1 Ke7 34. c7 Rc8 35. Rc5 Kd6 36. Rc6+ Kd7 37. Ra6 Rxc7 38. Rxa5 Rc2 39. Ra7+ Ke6 40. g3 Rb2 41. Ra6+ Ke5 42. Ra7 Kf6 43. Ra6+ Kf5 44. Ra7 Kg6 45. Ra6+ f6 46. h4 h5 47. Kg2 Kf5 48. Ra7 g6 49. Kf3 Rb3+ 50. Kg2 Nc3 51. Ra6 Rb4 52. b6 Nxa4 53. b7 Nc3 54. Ra5+ Ke6 55. Ra6+ Ke5 56. f4+ Kf5 57. Rc6 Ne4 58. Rc7 Kg4 59. Rg7 Rb2+ 60. Kf1 Kf3 0-1


[Site "https://www.chess.com"]

[Event "Titled Tuesday Blitz March 01 Early 2022"]
[White "Shtyka, Sergey"]
[Black "Gubanov, Oleg"]
[WhiteFideId "4138465"]
[BlackFideId "14115115"]
[WhiteElo "2014"]
[BlackElo "2080"]
[Result "1-0"]
[Round "10"]
[TimeControl "180+1"]
[Date "2022.03.01"]
[WhiteClock "0:00:11"]
[BlackClock "0:00:10"]

1. e4 Nf6 2. e5 Nd5 3. c4 Nb6 4. a4 d6 5. a5 N6d7 6. e6 fxe6 7. Bd3 Nf6 8. g4 g6 9. h4 Nc6 10. h5 g5 11. f4 gxf4 12. g5 Ne5 13. Be2 Ne4 14. d4 Nc6 15. Bxf4 Bg7 16. Nf3 Rf8 17. Rh4 e5 18. dxe5 dxe5 19. Qxd8+ Kxd8 20. Be3 Ng3 21. Nc3 Nf5 22. O-O-O+ Bd7 23. Re4 Nxe3 24. Rxe3 Kc8 25. Nd5 h6 26. b4 e6 27. b5 exd5 28. bxc6 bxc6 29. cxd5 hxg5 30. dxc6 Bxc6 31. Nxe5 Ba4 32. Ba6+ Kb8 33. Rb3+ Bxb3 34. Nc6# 1-0


[Site "https://www.chess.com"]

[Event "Titled Tuesday Blitz March 01 Early 2022"]
[White "Shuvalov, Evgenij"]
[Black "Khamdamova, Afruza"]
[WhiteFideId "4187237"]
[BlackFideId "14210444"]
[WhiteElo "2119"]
[BlackElo "1660"]
[Result "1-0"]
[Round "10"]
[TimeControl "180+1"]
[Date "2022.03.01"]
[WhiteClock "0:00:45"]
[BlackClock "0:00:03"]

1. b4 e5 2. Bb2 Bxb4 3. Bxe5 Nf6 4. Nc3 Nc6 5. Bxf6 Qxf6 6. Nd5 Qd6 7. c4 O-O 8. Nf3 b6 9. e3 Bb7 10. Be2 Ne7 11. Nxb4 Qxb4 12. O-O d5 13. Rc1 Qd6 14. d4 c5 15. dxc5 bxc5 16. cxd5 Qxd5 17. Qxd5 Bxd5 18. Rxc5 Bxa2 19. Ra1 Be6 20. Rc7 Nc8 21. Nd4 Bd5 22. Ba6 Nb6 23. f3 Rfd8 24. Kf2 f6 25. Nf5 Bf7 26. e4 Rd2+ 27. Kg3 Rd7 28. Rxd7 Nxd7 29. Bb7 Rb8 30. Rxa7 Nc5 31. Ra8 Rxa8 32. Bxa8 Be6 33. Bd5 g6 34. Ne3 Kf7 35. f4 Ke7 36. Kf3 Nd3 37. h4 Kd6 38. g4 Bxd5 39. Nxd5 f5 40. Nf6 fxg4+ 41. Kxg4 h6 42. Ng8 Nf2+ 43. Kf3 Nd3 44. Nxh6 Ke6 45. Ng4 Kf7 46. Ne5+ Nxe5+ 47. fxe5 Ke6 48. Kf4 1-0


[Site "https://www.chess.com"]

[Event "Titled Tuesday Blitz March 01 Early 2022"]
[White "Shuvalova, Polina"]
[Black "Yurtseven, Melih"]
[WhiteFideId "24171760"]
[BlackFideId "6312160"]
[WhiteElo "2355"]
[BlackElo "2160"]
[Result "1-0"]
[Round "10"]
[TimeControl "180+1"]
[Date "2022.03.01"]
[WhiteClock "0:00:10"]
[BlackClock "0:00:03"]

1. d4 Nf6 2. Nf3 g6 3. c4 Bg7 4. Nc3 d5 5. cxd5 Nxd5 6. e4 Nxc3 7. bxc3 O-O 8. Be2 b6 9. O-O Bb7 10. e5 c5 11. Be3 cxd4 12. cxd4 Bd5 13. a4 Nc6 14. Ng5 Na5 15. Nh3 e6 16. Nf4 Bb7 17. Bf3 Qe7 18. Rc1 Rac8 19. Qe2 Qd7 20. h4 Bxf3 21. Qxf3 Qxa4 22. h5 Nc4 23. hxg6 hxg6 24. Qe4 Qd7 25. Rc3 b5 26. Rb3 a5 27. Rfb1 b4 28. g3 Qc6 29. d5 Qa8 30. Bd4 Rfd8 31. Rd1 exd5 32. Qe2 Re8 33. e6 fxe6 34. Bxg7 Kxg7 35. Qg4 Ne5 36. Qg5 Qb8 37. Re3 Nf7 38. Qxg6+ Kf8 39. Rxe6 Qc7 40. Rf6 Qc2 41. Qxf7# 1-0


[Site "https://www.chess.com"]

[Event "Titled Tuesday Blitz March 01 Early 2022"]
[White "Sinitsina, Anastassia"]
[Black "Golubev, Mikhail"]
[WhiteFideId "4504640"]
[BlackFideId "14100983"]
[WhiteElo "2144"]
[BlackElo "2374"]
[Result "1-0"]
[Round "10"]
[TimeControl "180+1"]
[Date "2022.03.01"]
[WhiteClock "0:00:04"]
[BlackClock "0:00:03"]

1. Nf3 d6 2. d4 Nf6 3. g3 g6 4. Bg2 Bg7 5. O-O O-O 6. b3 a5 7. a4 Nc6 8. Bb2 Bf5 9. Nbd2 Ne4 10. Nh4 Nxd2 11. Qxd2 Bd7 12. Nf3 e5 13. dxe5 dxe5 14. Rad1 Bf5 15. Qc1 Qc8 16. Nh4 Bh3 17. Qe3 Bxg2 18. Kxg2 Qe6 19. Qc5 Rfd8 20. Nf3 e4 21. Ng5 Qf5 22. Qxf5 gxf5 23. Bxg7 Kxg7 24. c3 Kf6 25. Nh3 Ne7 26. Nf4 Ke5 27. e3 Ng6 28. Rfe1 Nxf4+ 29. gxf4+ Ke6 30. Kf1 c5 31. Ke2 Rac8 32. Rg1 Rxd1 33. Kxd1 Rd8+ 34. Kc2 Kf6 35. Rb1 Rg8 36. b4 cxb4 37. cxb4 Rg2 38. bxa5 Rxf2+ 39. Kc3 Re2 40. Rxb7 Rxe3+ 41. Kc4 Re1 42. a6 Rc1+ 43. Kb5 Rb1+ 44. Kc6 Ra1 45. Kb5 e3 46. a7 e2 47. a8=Q e1=Q 48. Qd8+ 1-0


[Site "https://www.chess.com"]

[Event "Titled Tuesday Blitz March 01 Early 2022"]
[White "Sliwicki, Damian"]
[Black "Romanchuk, Viktor"]
[WhiteFideId "1127128"]
[BlackFideId "14109271"]
[WhiteElo "2084"]
[BlackElo "2242"]
[Result "1-0"]
[Round "10"]
[TimeControl "180+1"]
[Date "2022.03.01"]
[WhiteClock "0:00:36"]
[BlackClock "0:00:49"]

1. e4 e6 2. d4 d5 3. Nc3 dxe4 4. Nxe4 Nd7 5. Nf3 Ngf6 6. Nxf6+ Nxf6 7. Bd3 c5 8. O-O cxd4 9. Nxd4 Bc5 10. Nb3 Bd6 11. Bb5+ Bd7 12. Bxd7+ Qxd7 13. Bg5 Qc7 14. Bxf6 gxf6 15. Qh5 Be5 16. Rad1 Qxc2 17. f4 Bxb2 18. Rd2 Qc3 19. Rf3 Qb4 20. Rxb2 O-O-O 21. Qc5+ Qxc5+ 22. Nxc5 b6 23. Ne4 f5 24. Ng5 Rd7 25. Rc3+ Kd8 26. Rbc2 Ke7 27. Rc7 Rd8 28. Nxh7 f6 29. Kf2 Kf7 30. Rd2 Rxc7 31. Rxd8 Rc2+ 32. Kg3 Rxa2 33. Rd7+ Kg6 34. Nf8+ Kh6 35. Rh7# 1-0


[Site "https://www.chess.com"]

[Event "Titled Tuesday Blitz March 01 Early 2022"]
[White "Stefanov, Plamen"]
[Black "Thorhallsson, Simon"]
[WhiteFideId "2900980"]
[BlackFideId "2310090"]
[WhiteElo "2137"]
[BlackElo "2137"]
[Result "1-0"]
[Round "10"]
[TimeControl "180+1"]
[Date "2022.03.01"]
[WhiteClock "0:01:01"]
[BlackClock "0:01:08"]

1. e4 c5 2. Nf3 Nc6 3. Bb5 d6 4. Bxc6+ bxc6 5. O-O e5 6. c3 Nf6 7. Re1 Be7 8. d4 cxd4 9. cxd4 exd4 10. Qxd4 O-O 11. Nc3 Qb6 12. e5 dxe5 13. Rxe5 Be6 14. Na4 Qxd4 15. Nxd4 Rfd8 16. Be3 Bd6 17. Nxe6 Bxe5 18. Nxd8 Rxd8 19. Rc1 a6 20. g3 Rd6 21. b4 Nd5 22. Bc5 Re6 23. f4 Bf6 24. Nb6 Re2 25. Nxd5 cxd5 26. Kf1 Rxh2 27. Bg1 Rc2 28. Rxc2 1-0


[Site "https://www.chess.com"]

[Event "Titled Tuesday Blitz March 01 Early 2022"]
[White "Tanenbaum, Zachary"]
[Black "Muhammed, Shuaau"]
[WhiteFideId "2060850"]
[BlackFideId "16700406"]
[WhiteElo "2168"]
[BlackElo "1674"]
[Result "1-0"]
[Round "10"]
[TimeControl "180+1"]
[Date "2022.03.01"]
[WhiteClock "0:00:23"]
[BlackClock "0:01:12"]

1. e4 e5 2. Nf3 Nc6 3. Bc4 Nf6 4. d3 Be7 5. O-O d6 6. a4 O-O 7. Re1 Bg4 8. Nbd2 Qd7 9. h3 Be6 10. c3 Rfe8 11. a5 a6 12. Qb3 Bf8 13. Bxe6 fxe6 14. d4 exd4 15. cxd4 d5 16. e5 Nh5 17. Nf1 g6 18. Ne3 Bb4 19. Rd1 Bxa5 20. Ng4 Bb4 21. Nf6+ Nxf6 22. exf6 Rf8 23. Ne5 Nxe5 24. dxe5 c5 25. Bh6 Rf7 26. h4 a5 27. h5 gxh5 28. Rd3 Kh8 29. Rg3 Rg8 30. Rxg8+ Kxg8 31. Qg3+ Kh8 32. f4 c4 33. f5 Bf8 34. Bxf8 Rxf8 35. fxe6 Qc7 36. e7 Rg8 37. Qxg8+ Kxg8 38. e8=Q# 1-0


[Site "https://www.chess.com"]

[Event "Titled Tuesday Blitz March 01 Early 2022"]
[White "Tari, Aryan"]
[Black "Kozak, Antoni"]
[WhiteFideId "1510045"]
[BlackFideId "21832030"]
[WhiteElo "2567"]
[BlackElo "2232"]
[Result "1-0"]
[Round "10"]
[TimeControl "180+1"]
[Date "2022.03.01"]
[WhiteClock "0:01:10"]
[BlackClock "0:00:03"]

1. e4 c6 2. d4 d5 3. e5 Bf5 4. h4 h5 5. c4 e6 6. Nc3 Ne7 7. Nge2 Nd7 8. Ng3 Bg6 9. cxd5 cxd5 10. Bg5 Qb6 11. Bb5 Nc6 12. O-O Bb4 13. Bxc6 Qxc6 14. Rc1 Qa6 15. Nce2 Bd3 16. a3 Ba5 17. b4 Bd8 18. Rc3 Bc4 19. Qd2 Bxg5 20. Qxg5 Bxe2 21. Qxg7 Rf8 22. Rfc1 Bc4 23. Nxh5 O-O-O 24. Nf4 Rg8 25. Qxf7 Rgf8 26. Qxe6 Rxf4 27. Qxd5 b5 28. e6 Nb6 29. Qc6+ Kb8 30. e7 Qc8 31. exd8=Q Qxd8 32. Re3 Rf8 33. Rce1 Bd5 34. Qc5 Nc4 35. Qxb5+ Ka8 36. Re8 1-0


[Site "https://www.chess.com"]

[Event "Titled Tuesday Blitz March 01 Early 2022"]
[White "Ter-Sahakyan, Samvel"]
[Black "Seo, Jung Min"]
[WhiteFideId "13302531"]
[BlackFideId "1734687"]
[WhiteElo "2592"]
[BlackElo "2401"]
[Result "1/2-1/2"]
[Round "10"]
[TimeControl "180+1"]
[Date "2022.03.01"]
[WhiteClock "0:00:53"]
[BlackClock "0:01:16"]

1. e4 e5 2. Nf3 Nc6 3. Bc4 Bc5 4. c3 Nf6 5. d3 O-O 6. O-O d6 7. h3 a6 8. Nbd2 Ba7 9. a4 Re8 10. b4 Be6 11. Bxe6 Rxe6 12. Re1 Ne7 13. d4 Ng6 14. d5 Re8 15. Nf1 c6 16. c4 cxd5 17. cxd5 Rc8 18. Ng3 Nd7 19. Qb3 Qc7 20. Nf5 Ne7 21. Nxe7+ Rxe7 22. Bg5 Ree8 23. Rac1 Qb8 24. Be3 Bxe3 25. Qxe3 Rxc1 26. Rxc1 Rc8 27. Ne1 Nf6 28. f3 g6 29. Kf2 Rc7 30. Nd3 Qc8 31. Rxc7 Qxc7 32. Qc1 Qb6+ 33. Qe3 Qc7 34. Qc1 Qb6+ 35. Qe3 Qc7 1/2-1/2


[Site "https://www.chess.com"]

[Event "Titled Tuesday Blitz March 01 Early 2022"]
[White "Thomas, Anysia"]
[Black "Kaplan, Ebru"]
[WhiteFideId "670472"]
[BlackFideId "6315194"]
[WhiteElo "2002"]
[BlackElo "1941"]
[Result "1-0"]
[Round "10"]
[TimeControl "180+1"]
[Date "2022.03.01"]
[WhiteClock "0:00:54"]
[BlackClock "0:01:18"]

1. e4 c5 2. Nf3 d6 3. d4 cxd4 4. Nxd4 Nf6 5. Bc4 Nc6 6. O-O e6 7. Nc3 Be7 8. Nxc6 bxc6 9. e5 dxe5 10. Qe2 Qc7 11. Bg5 O-O 12. Bh4 Rb8 13. b3 Qa5 14. Ne4 Nxe4 15. Bxe7 Nf6 16. Bxf8 Kxf8 17. Rad1 Bb7 18. a4 c5 19. Qxe5 Rc8 20. Qd6+ Kg8 21. f3 Qc3 22. Rd3 Qxc2 23. Rfd1 h6 24. Qe7 Ng4 25. Rd8+ Rxd8 26. Qxd8+ Kh7 27. Bd3+ 1-0


[Site "https://www.chess.com"]

[Event "Titled Tuesday Blitz March 01 Early 2022"]
[White "Tologon tegin, Semetei"]
[Black "Siva Mahadevan"]
[WhiteFideId "13800574"]
[BlackFideId "25043153"]
[WhiteElo "2258"]
[BlackElo "2203"]
[Result "1-0"]
[Round "10"]
[TimeControl "180+1"]
[Date "2022.03.01"]
[WhiteClock "0:00:06"]
[BlackClock "0:00:06"]

1. e4 c5 2. Nc3 Nc6 3. Bb5 Nd4 4. Nf3 g6 5. Nxd4 cxd4 6. Ne2 Bg7 7. O-O Nf6 8. d3 O-O 9. h3 d6 10. f4 Qb6 11. Bc4 Nxe4 12. dxe4 d3+ 13. Kh1 dxe2 14. Qxe2 Bd7 15. c3 Rac8 16. Be3 Qa5 17. f5 b5 18. Bb3 b4 19. cxb4 Qxb4 20. Qf3 Kh8 21. Bg5 Rce8 22. Rae1 Bc6 23. Bxe7 Rxe7 24. f6 Rc7 25. fxg7+ Kxg7 26. Qf6+ Kg8 27. Qh4 Re8 28. Rf4 d5 29. Ref1 Qb5 30. Qg3 Rce7 31. a4 Qc5 32. Kh2 Rb8 33. exd5 Bxd5 34. Bxd5 Qxd5 35. Rxf7 Rxf7 36. Qxb8+ Kg7 37. Rxf7+ Qxf7 38. Qe5+ Kg8 39. b4 Qb7 40. b5 Qb6 41. Qd5+ Kg7 42. Qe5+ Kg8 43. h4 Qa5 44. Qe6+ Kg7 45. Qe7+ Kg8 46. Qe8+ Kg7 47. Qd7+ Kg8 48. Qc8+ Kg7 49. Qc4 Qe1 50. Qd4+ Kg8 51. Qd8+ Kg7 52. Qc7+ Kg8 53. Qb8+ Kg7 54. Qxa7+ Kh6 55. Qd4 Qa5 56. b6 Qa8 57. Qf4+ Kg7 58. Qc7+ 1-0


[Site "https://www.chess.com"]

[Event "Titled Tuesday Blitz March 01 Early 2022"]
[White "Van Foreest, Jorden"]
[Black "Szpar, Milosz"]
[WhiteFideId "1039784"]
[BlackFideId "1184989"]
[WhiteElo "2609"]
[BlackElo "2447"]
[Result "0-1"]
[Round "10"]
[TimeControl "180+1"]
[Date "2022.03.01"]
[WhiteClock "0:00:39"]
[BlackClock "0:00:18"]

1. b3 d5 2. Bb2 Bg4 3. Nf3 Nd7 4. g3 e6 5. Bg2 Ngf6 6. c4 Bd6 7. O-O O-O 8. d3 c6 9. Nbd2 Qe7 10. a3 e5 11. h3 Bh5 12. Nh4 Bg6 13. b4 Qe6 14. e4 dxe4 15. dxe4 a5 16. c5 Bc7 17. Qc2 Rfd8 18. Nc4 Nb8 19. Nf5 axb4 20. axb4 Rxa1 21. Rxa1 Na6 22. Ra4 Ne8 23. h4 h5 24. Bh3 Qf6 25. Bc1 Bxf5 26. Bxf5 Qe7 27. Bg5 f6 28. Be3 Qf7 29. Na5 Bxa5 30. Rxa5 Nec7 31. Kh2 Nb5 32. Qb2 Rd1 33. Ra1 Rxa1 34. Qxa1 g6 35. Bc8 Kg7 36. Qa5 Na7 37. Bh3 Qc7 38. Qa4 Nb5 39. Qb3 Qd8 40. Qc4 Nac7 41. Kg2 Na3 42. Qb3 Nab5 43. Qa2 Na6 44. Qa5 Qxa5 45. bxa5 Na7 46. f4 exf4 47. gxf4 Kf7 48. Kf3 Ke7 49. e5 f5 50. Bf1 Nc7 51. Bc4 Nab5 52. Ke2 Nc3+ 53. Kd3 N3d5 54. Bd2 Ne6 55. Bxd5 cxd5 56. c6 bxc6 57. Bb4+ c5 58. a6 cxb4 0-1


[Site "https://www.chess.com"]

[Event "Titled Tuesday Blitz March 01 Early 2022"]
[White "Viskelis, Darius"]
[Black "Golubenko, Valentina"]
[WhiteFideId "12800830"]
[BlackFideId "4501993"]
[WhiteElo "1999"]
[BlackElo "2164"]
[Result "1-0"]
[Round "10"]
[TimeControl "180+1"]
[Date "2022.03.01"]
[WhiteClock "0:00:16"]
[BlackClock "0:00:01"]

1. e4 e6 2. d4 d5 3. e5 c5 4. c3 Nc6 5. Nf3 Nge7 6. Bd3 cxd4 7. cxd4 Nf5 8. Bxf5 exf5 9. Nc3 a6 10. O-O Be6 11. Bg5 Be7 12. h4 h6 13. Bxe7 Qxe7 14. h5 O-O 15. Na4 f6 16. Re1 Qb4 17. Nc5 Rae8 18. a3 Qb6 19. Nh4 fxe5 20. Ng6 Rf6 21. dxe5 Rxg6 22. Na4 Rxg2+ 23. Kxg2 Qc7 24. f4 b5 25. Nc5 Bf7 26. e6 Qxf4 27. exf7+ Kxf7 28. Qf3 Qg5+ 29. Kh3 Ne5 30. Qxd5+ Kf6 31. Qd6+ Kf7 32. Qd5+ Kf6 33. Nd7+ Nxd7 34. Qd6+ Kf7 35. Qxd7+ Kf6 36. Qc6+ Kf7 37. Qxe8+ Kf6 38. Qe7# 1-0


[Site "https://www.chess.com"]

[Event "Titled Tuesday Blitz March 01 Early 2022"]
[White "Vivas Zamora, Fabian Ernesto"]
[Black "Danielian, Vardan"]
[WhiteFideId "3902480"]
[BlackFideId "13301594"]
[WhiteElo "1966"]
[BlackElo "2484"]
[Result "0-1"]
[Round "10"]
[TimeControl "180+1"]
[Date "2022.03.01"]
[WhiteClock "0:00:03"]
[BlackClock "0:01:08"]

1. c4 Nf6 2. Nc3 g6 3. g3 Bg7 4. Bg2 O-O 5. d4 c6 6. e4 d6 7. Nf3 Nbd7 8. O-O e5 9. Rb1 exd4 10. Nxd4 a5 11. Bf4 Ne5 12. b3 Re8 13. Qd2 Nh5 14. Bh6 Bh8 15. f4 Ng4 16. h3 Nxh6 17. f5 Nxg3 18. Rfd1 Bg7 19. Kh2 Nh5 20. Nf3 gxf5 21. e5 Rxe5 22. Nxe5 Bxe5+ 23. Kg1 Qf6 24. Ne2 Be6 25. Rf1 f4 26. Bf3 Bxh3 27. Rf2 Ng3 28. Nxg3 fxg3 29. Re2 0-1


[Site "https://www.chess.com"]

[Event "Titled Tuesday Blitz March 01 Early 2022"]
[White "Voege, Tobias"]
[Black "Vlassov, Nikolai"]
[WhiteFideId "1270513"]
[BlackFideId "4103360"]
[WhiteElo "2335"]
[BlackElo "2407"]
[Result "1-0"]
[Round "10"]
[TimeControl "180+1"]
[Date "2022.03.01"]
[WhiteClock "0:00:06"]
[BlackClock "0:00:04"]

1. e4 Nc6 2. d4 d5 3. exd5 Qxd5 4. Nf3 Bg4 5. c3 Bxf3 6. Qxf3 Qxf3 7. gxf3 O-O-O 8. f4 e6 9. Be3 Nh6 10. Nd2 Nf5 11. Nf3 Bd6 12. Ne5 Bxe5 13. fxe5 Nxe3 14. fxe3 f6 15. exf6 gxf6 16. Bh3 f5 17. Rg1 Rhg8 18. Ke2 Ne7 19. e4 Kd7 20. exf5 exf5 21. Kf3 Ke6 22. Rge1+ Kf6 23. Re5 Rd5 24. Rae1 Rxe5 25. Rxe5 Rg5 26. Ra5 a6 27. Rc5 c6 28. Bf1 Ng6 29. Kf2 Nf4 30. Kf3 Ne6 31. Re5 Rg1 32. Kf2 Rg5 33. Re3 Nf4 34. a4 Nd5 35. Rf3 f4 36. Rh3 h5 37. Be2 Kg6 38. Bd3+ Kf6 39. Rf3 Rg4 40. h3 Rh4 41. Bf1 Kg5 42. Bc4 Ne3 43. Be6 Nd1+ 44. Ke1 Nxb2 45. a5 Kf6 46. Bc8 Nc4 47. Bxb7 Nxa5 48. Bxa6 Kf5 49. Bd3+ Ke6 50. c4 Nb3 51. Bf5+ Kxf5 52. Rxb3 Ke4 53. d5 cxd5 54. c5 Ke5 55. Rc3 f3 56. c6 1-0


[Site "https://www.chess.com"]

[Event "Titled Tuesday Blitz March 01 Early 2022"]
[White "Vokhidov, Shamsiddin"]
[Black "Fier, Alexandr"]
[WhiteFideId "14204223"]
[BlackFideId "2107139"]
[WhiteElo "2611"]
[BlackElo "2569"]
[Result "0-1"]
[Round "10"]
[TimeControl "180+1"]
[Date "2022.03.01"]
[WhiteClock "0:00:13"]
[BlackClock "0:00:10"]

1. e4 Nf6 2. e5 Nd5 3. d4 d6 4. Nf3 g6 5. Bc4 Nb6 6. Bb3 Bg7 7. Qe2 O-O 8. h3 Nc6 9. O-O Na5 10. Nc3 Nxb3 11. axb3 a5 12. Bg5 f6 13. Bh4 d5 14. e6 Ra6 15. Rfe1 Na8 16. Qb5 c6 17. Qd3 Nc7 18. Re3 Nxe6 19. Rae1 Nf4 20. Qd2 Rf7 21. Nh2 g5 22. Bg3 Ng6 23. R3e2 b5 24. Nf1 Ra8 25. f4 gxf4 26. Bxf4 e5 27. Bh6 Qb6 28. Be3 e4 29. Ng3 f5 30. Nh5 Qc7 31. Rf2 Be6 32. Ne2 Raf8 33. Ref1 b4 34. Nxg7 Rxg7 35. Bh6 Rf6 36. Bxg7 Qxg7 37. Ng3 Qd7 38. Qg5 Rf7 39. Nxf5 Bxf5 40. Rxf5 Rg7 41. Qf6 h6 42. Rh5 e3 43. Rxh6 e2 44. Re1 Qe8 45. Qf5 Qe3+ 46. Kh1 Qxh6 47. Rxe2 Rf7 48. Qe6 Kg7 49. Re1 Nf4 50. Qe5+ Qf6 51. Qe8 Ng6 52. Qe3 Qf2 53. Qe6 Qxc2 54. Qg4 Qf5 55. Qg3 Qf2 56. Qxf2 Rxf2 57. Re6 Rxb2 0-1


[Site "https://www.chess.com"]

[Event "Titled Tuesday Blitz March 01 Early 2022"]
[White "Volkov, Maksim"]
[Black "Mikhalsky, Vladimir"]
[WhiteFideId "54123070"]
[BlackFideId "14144352"]
[WhiteElo "2081"]
[BlackElo "2248"]
[Result "1-0"]
[Round "10"]
[TimeControl "180+1"]
[Date "2022.03.01"]
[WhiteClock "0:01:24"]
[BlackClock "0:01:11"]

1. d4 Nf6 2. c4 g6 3. g3 Bg7 4. Nc3 O-O 5. Bg2 d6 6. Nf3 c5 7. O-O Nc6 8. dxc5 dxc5 9. Bf4 Be6 10. Qa4 Qa5 11. Rac1 Rac8 12. Rfd1 Rfd8 13. b3 Nh5 14. Qxa5 Nxa5 15. Rxd8+ Rxd8 16. Bc7 Nc6 17. Bxd8 Nxd8 18. Ng5 b6 19. Nb5 a6 20. Nc7 Bc8 21. Rd1 Nb7 22. Nxa6 Nd6 23. Nc7 h6 24. Ne4 Be5 25. Nd5 Kf8 26. Nxb6 Bf5 27. Nxc5 Nf6 28. g4 Bxg4 29. f3 Bh5 30. Ncd7+ Nxd7 31. Nxd7+ Kg7 32. Nxe5 1-0


[Site "https://www.chess.com"]